 Dungeon Crawl Stone Soup version 0.20.0-15-g7f486f2 (webtiles) character file.

28 Hook the Vexing (level 3, -3/26 HPs)
             Began as a Formicid Arcane Marksman on June 20, 2017.
             Slain by a quokka (4 damage)
             ... on level 2 of the Dungeon.
             The game lasted 00:03:57 (1121 turns).

Hook the Vexing (Formicid Arcane Marksman)          Turns: 1121, Time: 00:03:58

Health: -3/26      AC:  3    Str: 14    XL:     3   Next: 30%
Magic:  4/4        EV: 12    Int: 13    God:
Gold:   75         SH:  0    Dex: 11    Spells: 1/4 levels left

rFire    . . .     SeeInvis +   (no weapon)
rCold    . . .     Gourm    .   (no shield)
rNeg     . . .     Faith    .   a - +0 robe
rPois    .         Spirit   .   (helmet unavailable)
rElec    .         Reflect  .   i - +0 cloak (curse)
rCorr    .         Harm     .   (no gloves)
MR       .....                  (no boots)
Stlth    +.........             (no amulet)
Regen    0.1/turn               (no ring)
MPRegen  0.1/turn               (no ring)

@: no status effects
A: permanent stasis, dig shafts and tunnels, four strong arms, antennae 3
a: Dig, Shaft Self


You were on level 2 of the Dungeon.
You were hungry.

You visited 1 branch of the dungeon, and saw 2 of its levels.

You collected 75 gold pieces.

Inventory:

Missiles
 c - a javelin (quivered)
 d - a throwing net
 e - 16 bolts
Armour
 a - a +0 robe (worn)
 i - a cursed +0 cloak (worn)
Scrolls
 g - a scroll of remove curse {unknown}
 l - a scroll of fear {unknown}
 m - a scroll of teleportation {unknown}
Potions
 j - a potion of flight {unknown}
 k - a potion of berserk rage {unknown}
 n - a potion of agility {unknown}
Books
 b - a book of Debilitation

   Spells                             Type                      Level
   a - Corona                         Hexes                        1
   b - Slow                           Hexes                        2
   c - Inner Flame                    Hexes/Fire                   3
   d - Portal Projectile              Hexes/Translocation          3
   e - Cause Fear                     Hexes                        4
   f - Leda's Liquefaction            Hexes/Earth                  4
Comestibles
 f - 2 bread rations
 h - a fruit


   Skills:
 + Level 1.2 Fighting
 * Level 2.6 Throwing
 * Level 1.9 Dodging
 * Level 1.3 Spellcasting
 * Level 4.3 Hexes


You had one spell level left.
You knew the following spells:

 Your Spells              Type           Power        Failure   Level  Hunger
a - Corona                Hex            ##.....      4%          1    ##.....
b - Slow                  Hex            ##......     7%          2    ###....


Dungeon Overview and Level Annotations

Branches:
Dungeon (2/15)

Altars:


Innate Abilities, Weirdness & Mutations

You cannot be hasted, slowed, berserked, paralysed or teleported.
You can dig through walls and to a lower floor.
Your four strong arms can wield two-handed weapons with a shield.
You have a pair of large antennae on your head. (SInv)


Message History

You see here a throwing net.
d - a throwing net The quokka bites you but does no damage.
The quokka closely misses you.
You see here a bat corpse.
Throwing (i - inventory. (,) - cycle):
c - 3 javelins (quivered)
Press: ? - help, Shift-Dir - straight line, f/p - quokka
Aim: a quokka (heavily wounded)
You throw a javelin. The javelin misses the quokka.
The quokka bites you.
* * * LOW HITPOINT WARNING * * *
The quokka bites you.
* * * LOW HITPOINT WARNING * * *
Throwing (i - inventory. (,) - cycle):
c - 2 javelins (quivered)
Press: ? - help, Shift-Dir - straight line, f/p - quokka
Aim: a quokka (heavily wounded)
You throw a javelin. The javelin closely misses the quokka.
The quokka bites you.
* * * LOW HITPOINT WARNING * * *
The quokka bites you.
You die...

...... ...#... ....!. ###.#...
......####### #.#>..
............# ######....#
####++......+ ...........
######......# ########....
............+ ............
######.^....##############..###≈
#..(.....r@...........#...#
#.......#######.......#.⌠.#
#.(.....#######.###...#...#
#######<.......(..#.#..###≈
#########.#.#.#....≈≈
#.#.#.#.(..≈≈
#######.#.#....###≈
..............#...#
#######.#.###(#.⌠.#


You could see a quokka.

Vanquished Creatures
  An adder (D:2)
  A dart slug (D:1)
  6 bats
  5 goblins
  A hobgoblin (D:1)
  A ball python (D:1)
  A frilled lizard (D:1)
  3 kobolds (D:1)
  A rat (D:1)
20 creatures vanquished.

Notes
Turn   | Place    | Note
-------+----------+-------------------------------------------
     0 | D:1      | Hook the Formicid Arcane Marksman began the quest for the Orb.
     0 | D:1      | Reached XP level 1. HP: 15/15 MP: 2/2
   212 | D:1      | Reached skill level 4 in Hexes
   212 | D:1      | Reached XP level 2. HP: 21/21 MP: 3/3
   953 | D:2      | Reached XP level 3. HP: 26/26 MP: 4/4
   969 | D:2      | Learned a level 2 spell: Slow
  1121 | D:2      | HP: 1/26 [quokka (4)]
  1121 | D:2      | Slain by a quokka

Skill      XL: |  1 |
---------------+----+-----
Hexes          | 4 |  4.3
Fighting       | |  1.2
Throwing       | |  2.6
Dodging        | |  1.9
Spellcasting   | |  1.3

Action                   || total
-------------------------++-------
Melee: Unarmed           ||    45
Throw: Javelin           ||    42
       Throwing net      ||     3
 Cast: Slow              ||     1
       Corona            ||     1
 Stab: Held in net/web   ||     2
Armor: Robe              ||    14
Dodge: Dodged            ||    41
